 Dungeon Crawl Stone Soup version 0.32-a0-868-g153ae1a8d6 (webtiles) character file.

Game seed: 17802181952232271064

39981 Biggs the Marksgoblin (level 14, -5/110 HPs)
             Began as a Coglin Hunter on Mar 28, 2024.
             Was the Champion of Okawaru.
             Constricted to death by Beptyvonn's ghost (9 damage)
             ... on level 4 of the Lair of Beasts.
             The game lasted 00:27:53 (15590 turns).

Biggs the Marksgoblin (Coglin Hunter)              Turns: 15590, Time: 00:27:54

Health: -5/110     AC: 12    Str: 13    XL:     14   Next: 9%
Magic:  19/19      EV:  7    Int:  8    God:    Okawaru [******]
Gold:   636        SH:  0    Dex: 22    Spells: 13/13 levels left

rFire   + . .        T - +6 hand cannon (drain) {Heidi}
rCold   + + +        a - +2 sling {Njabulo}
rNeg    . . .        I - +0 steam dragon scales
rPois   +            F - +0 helmet
rElec   .            t - scarf {rC+ rF+}
rCorr   +            v - +1 pair of gloves
SInv    .            S - +3 pair of mountain boots {steadfast, rC+}
Will    +....        (amulet unavailable)
Stlth   ++           (ring unavailable)
HPRegen 0.38/turn    (ring unavailable)
MPRegen 0.16/turn    i - gyroramjet N-70 {rPois rC+ rCorr Clar RMsl}

%: repel missiles, clarity
@: grasped by zombie hands, constricted, studying Invocations, revved
A: off-hand wielding, slow wielding, warmup strikes, no jewellery
a: Renounce Religion, Heroism, Finesse, Duel


You were on level 4 of the Lair of Beasts.
You worshipped Okawaru.
Okawaru was exalted by your worship.
You visited 4 branches of the dungeon, and saw 17 of its levels.
You also visited: Sewer.

You collected 951 gold pieces.
You spent 315 gold pieces at shops.

Inventory:

Hand Weapons
 a - a +2 sling (offhand) {Njabulo}
 T - a +6 hand cannon of draining (weapon) {Heidi}
Missiles
 p - 4 throwing nets
Armour
 t - a scarf of resistance (worn)
 v - a +1 pair of gloves (worn)
 F - a +0 helmet (worn)
 I - +0 steam dragon scales (worn)
 R - +0 acid dragon scales
 S - the +3 pair of mountain boots (worn) {steadfast, rC+}
   (Okawaru gifted it to you on level 2 of the Lair of Beasts)

   Steadfast: It prevents involuntary movement, except for blinking,
   teleportation, or banishment.
   rC+:       It protects you from cold.
Gizmo
 i - a gyroramjet N-70 (installed) {rPois rC+ rCorr Clar RMsl}
   (You invented it yourself on level 4 of the Lair of Beasts)

   [gyroramjet N-70]

   rC+:       It protects you from cold.
   rPois:     It protects you from poison.
   Clar:      It protects you from confusion, rage, mesmerisation and fear.
   RMsl:      It protects you from missiles.
   rCorr:     It protects you from acid and corrosion.
Wands
 y - a wand of polymorph (11)
 H - a wand of mindburst (9)
 L - a wand of flame (7)
 O - a wand of roots (5)
 P - a wand of acid (4)
 Q - a wand of digging (1)
Scrolls
 b - 2 scrolls of butterflies
 c - 3 scrolls of poison
 d - a scroll of identify
 e - 5 scrolls of blinking
 f - 6 scrolls of teleportation
 j - a scroll of silence
 o - 3 scrolls of fog
 r - 2 scrolls of revelation
 s - 2 scrolls of amnesia
 u - 5 scrolls of noise
 w - 3 scrolls of torment
 J - 2 scrolls of vulnerability
Potions
 g - 3 potions of heal wounds
 h - a potion of degeneration {unknown}
 k - 2 potions of brilliance {unknown}
 l - 9 potions of curing
 n - 2 potions of attraction {unknown}
 q - 3 potions of resistance {unknown}
 x - 2 potions of ambrosia {unknown}
 z - 2 potions of haste {unknown}
 A - a potion of invisibility {unknown}
 C - a potion of cancellation {unknown}
 D - a potion of might {unknown}
 G - a potion of mutation {unknown}
 K - a potion of berserk rage {unknown}
 N - a potion of enlightenment {unknown}


   Skills:
 - Level 10.0 Fighting
 - Level 18.0 Ranged Weapons
 - Level 8.2 Dodging
 - Level 0.7 Stealth
 + Level 6.8 Invocations


You had 13 spell levels left.
You didn't know any spells.
Your spell library contained the following spells:

 Spells                   Type           Power      Damage    Failure   Level
 Freeze                   Ice            0%         1d3       41%         1
 Magic Dart               Conj           0%         1d3       41%         1
 Blink                    Tloc           0%         N/A       54%         2
 Lesser Beckoning         Tloc           0%         N/A       54%         2
 Mercury Vapours          Alch/Air       0%         N/A       54%         2
 Momentum Strike          Conj/Tloc      0%         3d8       54%         2
 Static Discharge         Conj/Air       0%         3-3/arc   54%         2
 Sublimation of Blood     Necr           0%         N/A       54%         2
 Frozen Ramparts          Ice            0%         1d1       78%         3
 Hailstorm                Conj/Ice       0%         3d5       78%         3
 Mephitic Cloud           Conj/Alch/Air  0%         N/A       78%         3
 Airstrike                Air            0%         2d(0-16)  99%         4
 Cause Fear               Hex            0%         N/A       99%         4
 Leda's Liquefaction      Alch/Erth      0%         N/A       99%         4
 Petrify                  Alch/Erth      0%         N/A       99%         4
 Freezing Cloud           Conj/Ice/Air   0%         6-21      100%        5
 Irradiate                Conj/Alch      0%         3d11      100%        5
 Iskenderun's Battlesphe  Conj           0%         2d6       100%        5
 Lee's Rapid Deconstruct  Erth           0%         3d4*      100%        5
 Metabolic Englaciation   Hex/Ice        0%         N/A       100%        5
 Disjunction              Tloc           0%         N/A       100%        8
 Call Imp                 Summ           Unusable   N/A       N/A         2
 Tukima's Dance           Hex            Unusable   N/A       N/A         3
 Animate Armour           Summ/Erth      Unusable   N/A       N/A         4
 Summon Lightning Spire   Summ/Air       Unusable   N/A       N/A         4

Dungeon Overview and Level Annotations

Branches:
Dungeon (11/15)            Temple (1/1) D:7            Lair (4/5) D:10
  Swamp (0/4) Lair:3        Snake (1/4) Lair:3        Slime (0/5) Lair:4
  Sewer (visited)
    Orc: D:9-12

Altars:
Ashenzari
Cheibriados
Dithmenos
Elyvilon
Fedhas
Gozag
Hepliaklqana
Kikubaaqudgha
Makhleb
Nemelex Xobeh
Okawaru
Qazlal
Ru
Sif Muna
Trog
Uskayaw
Vehumet
Wu Jian
Xom
Yredelemnul
Zin
The Shining One
Jiyva

Shops:
D:6 ([**   D:8 =

Annotations:
D:9 2 transporters
Lair:4 Beptyvonn's ghost, journeyman FeWn


Innate Abilities, Weirdness & Mutations

You can wield a second weapon in your off-hand.
It takes a long time for you to wield or remove held weapons.
Your first few attacks do less damage.
You cannot equip rings or amulets.


Message History

Beptyvonn's ghost is almost destroyed.
Beptyvonn's ghost lets out a mournful wail.
Beptyvonn's ghost hits you. The zombie hands constrict you!
Fire: T) +6 hand cannon (drain) {Heidi}
Press: ? - help, Q - select action, (/) - cycle Shift-Dir - straight line, f/p - Beptyvonn's ghost
Aim: Beptyvonn's ghost (magical condensation, almost destroyed, 29% to hit)
You shoot a slug.
The slug barely misses Beptyvonn's ghost.
You shoot a sling bullet.
The sling bullet closely misses Beptyvonn's ghost.
Beptyvonn's ghost stares at you and mumbles some strange words.
The blast of sand is repelled.
The zombie hands constrict you.
Fire: T) +6 hand cannon (drain) {Heidi}
Press: ? - help, Q - select action, (/) - cycle Shift-Dir - straight line, f/p - Beptyvonn's ghost
Aim: Beptyvonn's ghost (magical condensation, almost destroyed, 29% to hit)
You shoot a sling bullet.
The sling bullet misses Beptyvonn's ghost.
You shoot a slug.
The slug barely misses Beptyvonn's ghost.
Fire: T) +6 hand cannon (drain) {Heidi}
Press: ? - help, Q - select action, (/) - cycle Shift-Dir - straight line, f/p - Beptyvonn's ghost
Aim: Beptyvonn's ghost (magical condensation, almost destroyed, 29% to hit)
You shoot a slug. The slug hits Beptyvonn's ghost.
Beptyvonn's ghost is almost destroyed.
You shoot a sling bullet.
The sling bullet completely misses Beptyvonn's ghost.
Beptyvonn's ghost hits you!!
* * * LOW HITPOINT WARNING * * *
The zombie hands constrict you!
* * * LOW HITPOINT WARNING * * *
Fire: T) +6 hand cannon (drain) {Heidi}
Press: ? - help, Q - select action, (/) - cycle Shift-Dir - straight line, f/p - Beptyvonn's ghost
Aim: Beptyvonn's ghost (magical condensation, almost destroyed, 29% to hit)
You shoot a sling bullet.
The sling bullet completely misses Beptyvonn's ghost.
You shoot a slug. The slug hits Beptyvonn's ghost.
Beptyvonn's ghost is almost destroyed.
Beptyvonn's ghost hits you but does no damage.
The zombie hands constrict you!
You die...

...#....##............##.....##..
...............P#######.....####P
...............P.#..#........####
..............................#.P
.................................
.....................<...........
............####...............#'
....#.#.#####.$#☼°............##.
...####### #ß|W@○.#.#.#.....###.
....###.P# #..#°..##..#.........
....##...#######........#........
...##....+.'...##.......#........
.....'....##...........[.........
...#.##...##.....#.####.#....#...
....####.###...#..#.P.###...#....
......##'#.#................##...
............................#....


You could see Beptyvonn's ghost.

Vanquished Creatures
  2 hydras (Lair:2)
  Harold (D:9)
  Fannar (Lair:2)
  Erica (D:10)
  A catoblepas (Lair:3)
  4 two-headed ogres
  6 death yaks
  2 spriggan druids (Lair:3)
  2 wolf spiders (Lair:4)
  11 elephants
  A molten gargoyle (Lair:3)
  A black mamba (Lair:2)
  12 cane toads
  Maggie (Lair:1)
  2 rime drakes
  Jeremiah (D:9)
  Psyche (D:10)
  8 komodo dragons
  A troll (D:10)
  2 polar bears
  2 hornets
  12 blink frogs
  6 dream sheep (Lair:3)
  A vampire (D:10)
  4 wyverns
  27 yaks
  4 fire bats (Lair:3)
  A basilisk (Lair:4)
  4 steam dragons
  4 nagas (Lair:3)
  9 water moccasins
  2 acid dragons
  A sky beast (D:7)
  7 black bears
  9 orc warriors
  13 wolves
  4 ogres
  3 centaurs
  A phantom (D:5)
  13 bullfrogs
  4 scorpions
  6 killer bees (D:9)
  3 howler monkeys
  A bombardier beetle (D:4)
  2 hounds
  3 jellies
  8 orc priests
  2 gnoll boudas
  An iguana (D:5)
  17 orc wizards
  A hell rat (Lair:1)
  10 gnolls
  3 river rats (Sewer)
  12 adders
  A shadow imp (D:7)
  3 white imps
  4 dart slugs
  A ribbon worm (D:4)
  35 orcs
  17 ball pythons
  5 bats (D:1)
  6 endoplasms
  4 giant cockroaches
  2 goblins
  7 hobgoblins
  3 jackals (D:1)
  2 quokkas
  4 frilled lizards
  10 kobolds
  26 rats
391 creatures vanquished.

Notes
Turn   | Place    | Note
-------+----------+-------------------------------------------
     0 | D:1      | Biggs the Coglin Hunter began the quest for the Orb.
     0 | D:1      | Reached XP level 1. HP: 16/16 MP: 1/1
   149 | D:1      | Reached skill level 4 in Ranged Weapons
   149 | D:1      | Reached XP level 2. HP: 22/22 MP: 2/2
   230 | D:1      | Found a faded altar of an unknown god.
   245 | D:1      | Reached XP level 3. HP: 27/27 MP: 3/3
   572 | D:2      | Found a shadowy altar of Dithmenos.
   726 | D:2      | Reached skill level 5 in Ranged Weapons
   726 | D:2      | Reached XP level 4. HP: 33/33 MP: 4/4
  1294 | D:3      | Found a faded altar of an unknown god.
  1294 | D:3      | Found a hazy altar of Hepliaklqana.
  1294 | D:3      | Found a faded altar of an unknown god.
  1412 | D:3      | Found a blossoming altar of Fedhas.
  2085 | D:4      | Reached XP level 5. HP: 38/38 MP: 5/5
  2091 | D:4      | Found a glowing drain.
  2095 | Sewer    | Entered a sewer
  2163 | Sewer    | Reached skill level 6 in Ranged Weapons
  2278 | Sewer    | Reached XP level 6. HP: 22/44 MP: 6/6
  2281 | Sewer    | Reached skill level 7 in Ranged Weapons
  2535 | D:4      | Found an ancient bone altar of Kikubaaqudgha.
  2538 | D:4      | Found a bloodstained altar of Trog.
  2715 | D:4      | Got Jublug's Opusculum on Linear Bewitchment
  2966 | D:4      | Reached XP level 7. HP: 49/50 MP: 7/7
  3021 | D:5      | Entered Level 5 of the Dungeon
  3109 | D:5      | Reached skill level 8 in Ranged Weapons
  3448 | D:5      | Reached XP level 8. HP: 56/56 MP: 8/8
  3473 | D:5      | Reached skill level 9 in Ranged Weapons
  4606 | D:6      | Found an ornate altar of the Wu Jian Council.
  4664 | D:6      | Found Kiewac's Antique Armour Emporium.
  4669 | D:6      | Reached XP level 9. HP: 62/62 MP: 9/9
  4670 | D:6      | Found Vifaank's Assorted Antiques.
  4671 | D:6      | Found Telaquq's Weapon Shop.
  4672 | D:6      | Found Udif's General Store.
  4736 | D:6      | Bought a scroll labelled AMNONKUPUY for 25 gold pieces
  4736 | D:6      | Bought a scroll labelled OCAGHU CASI for 25 gold pieces
  4736 | D:6      | Bought a scroll labelled QIXAAD PUEWE for 25 gold pieces
  4738 | D:6      | Bought a pair of runed boots for 150 gold pieces
  4743 | D:6      | Bought a helmet for 90 gold pieces
  5131 | D:7      | Found a staircase to the Ecumenical Temple.
  5156 | Temple   | Entered the Ecumenical Temple
  5169 | Temple   | Became a worshipper of Warmaster Okawaru
  5335 | D:7      | Reached skill level 5 in Fighting
  5455 | D:7      | Reached skill level 10 in Ranged Weapons
  5869 | D:7      | Found a burning altar of Makhleb.
  6025 | D:8      | Reached * piety under Okawaru
  6228 | D:8      | Noticed a two-headed ogre
  6499 | D:7      | Reached skill level 11 in Ranged Weapons
  6729 | D:8      | Found Boepn's Jewellery Shoppe.
  6803 | D:8      | Killed a two-headed ogre
  6803 | D:8      | Reached ** piety under Okawaru
  6804 | D:8      | Reached skill level 12 in Ranged Weapons
  6804 | D:8      | Reached XP level 10. HP: 5/74 MP: 10/10
  7454 | D:9      | Noticed Harold
  7586 | D:9      | Paralysed by a hornet for 2 turns
  7704 | D:9      | Noticed a two-headed ogre
  7711 | D:9      | Killed a two-headed ogre
  7711 | D:9      | Reached *** piety under Okawaru
  7712 | D:9      | Reached skill level 13 in Ranged Weapons
  7756 | D:9      | Noticed Jeremiah
  7773 | D:9      | Killed Jeremiah
  7828 | D:9      | Reached **** piety under Okawaru
  7959 | D:9      | Reached skill level 14 in Ranged Weapons
  7959 | D:9      | Reached XP level 11. HP: 39/79 MP: 11/11
  8106 | D:9      | Found a transporter.
  8109 | D:9      | Found a white marble altar of Elyvilon.
  8109 | D:9      | Found a transporter.
  8655 | D:9      | Killed Harold
  8802 | D:10     | Entered Level 10 of the Dungeon
  8921 | D:10     | Reached ***** piety under Okawaru
  8963 | D:10     | Noticed a two-headed ogre
  8968 | D:10     | Killed a two-headed ogre
  9167 | D:10     | Found a shimmering blue altar of Sif Muna.
  9481 | D:10     | Noticed Erica
  9496 | D:10     | Killed Erica
  9604 | D:10     | Found a broken altar of Ashenzari.
  9687 | D:10     | Found a snail-covered altar of Cheibriados.
  9690 | D:10     | Found a shadowy altar of Dithmenos.
  9693 | D:10     | Found a basalt altar of Yredelemnul.
  9752 | D:10     | Noticed Psyche
  9760 | D:10     | Killed Psyche
  9762 | D:10     | Noticed a two-headed ogre
  9770 | D:10     | Killed a two-headed ogre
  9872 | D:10     | Received a gift from Okawaru
  9998 | D:10     | Found a staircase to the Lair.
 10283 | D:11     | Noticed a tengu warrior
 10389 | Lair:1   | Entered Level 1 of the Lair of Beasts
 10397 | Lair:1   | Reached skill level 10 in Fighting
 10419 | Lair:1   | Reached skill level 5 in Dodging
 10473 | Lair:1   | Reached XP level 12. HP: 97/97 MP: 12/12
 11033 | Lair:1   | Noticed Maggie
 11052 | Lair:1   | Killed Maggie
 11221 | Lair:1   | You fall into a shaft and drop 1 floor!
 11238 | Lair:2   | Reached ****** piety under Okawaru
 11239 | Lair:2   | Acquired the +3 pair of mountain boots {steadfast, rC+}
 11239 | Lair:2   | Received a gift from Okawaru
 11239 | Lair:2   | Found the +3 pair of mountain boots {steadfast, rC+}
 11241 | Lair:2   | Received a gift from Okawaru
 11255 | Lair:2   | Acquired a +4 hand cannon of freezing
 11255 | Lair:2   | Received a gift from Okawaru
 11381 | Lair:2   | Noticed a five-headed hydra
 11388 | Lair:2   | Killed a five-headed hydra
 11523 | Lair:2   | Noticed Fannar
 11540 | Lair:2   | Killed Fannar
 11681 | Lair:2   | Reached skill level 15 in Ranged Weapons
 11694 | Lair:2   | Got the Anthology of Hyletic Conjury
 11883 | Lair:2   | Noticed a four-headed hydra
 11887 | Lair:2   | Killed a four-headed hydra
 11913 | Lair:2   | Identified a scroll of acquirement
 11919 | Lair:2   | Acquired a manual of Invocations
 12205 | Lair:2   | Received a gift from Okawaru
 12270 | Lair:2   | Reached XP level 13. HP: 103/103 MP: 13/13
 12667 | Lair:3   | Reached skill level 16 in Ranged Weapons
 12742 | Lair:2   | Received a gift from Okawaru
 13128 | Lair:2   | HP: 1/103 [death yak (17)]
 13462 | Lair:2   | Reached skill level 17 in Ranged Weapons
 13591 | Lair:3   | Received a gift from Okawaru
 13712 | Lair:3   | Found a staircase to the Swamp.
 13952 | Lair:3   | Found a staircase to the Snake Pit.
 14259 | Snake:1  | Entered Level 1 of the Snake Pit
 14498 | Lair:4   | Reached skill level 18 in Ranged Weapons
 14500 | Lair:4   | Reached skill level 1 in Invocations
 14668 | Lair:4   | Received a gift from Okawaru
 14878 | Lair:4   | Found a runed translucent door.
 14879 | Lair:4   | Noticed Beptyvonn's ghost (journeyman FeWn)
 14889 | Lair:4   | Identified the +2 robe of the Bells {rF++ Will- Regen+
                  | MP+9}
 14932 | Lair:4   | Identified the +5 plate armour "Luodein" {rN++ Int+5 SInv}
 14984 | Lair:4   | Reached skill level 5 in Invocations
 14984 | Lair:4   | Reached XP level 14. HP: 110/110 MP: 17/17
 15018 | Lair:4   | Found a staircase to the Slime Pits.
 15021 | Lair:4   | Found a viscous altar of Jiyva.
 15578 | Lair:4   | Acquired a gyroramjet N-70 {rPois rC+ rCorr Clar RMsl}
 15589 | Lair:4   | HP: 4/110 [constriction (11)]
 15590 | Lair:4   | Constricted to death by Beptyvonn's ghost

Illustrated notes

Levels and vault maps discovered:
D:1:      minmay_arrival_semitransparent, layout_basic,
          nicolae_ecumenical_snake_handling
D:2:      layout_basic, basic_altar, minmay_small_reverse_x
D:3:      layout_basic, amcnicky_altar_gilded,
          nicolae_hepliaklqana_ecumenical_no_more
D:4:      layout_basic, mainiacjoe_overflow_catwalk_spiral, gup_sewer_entry_bowl
D:5:      layout_loops_ring, chequers_garden
D:6:      layout_loops_ring, old_standard_altar, nicolae_wooded_promenade
D:7:      layout_basic, overflow_temple_1_default,
          minmay_temple_entry_statues_pillars
D:8:      layout_rooms, serial_shops, shop
D:9:      layout_basic, elyvilon_altar_4, uniq_jeremiah, uniq_harold
D:10:     cheibrodos_steamvent, layout_stronghold,
          mainiacjoe_overflow_boulevard, grunt_temple_overflow_cloverleaf,
          david_lair_shrubbed, uniq_psyche, uniq_erica
D:11:     layout_irregular_city, serial_shops, nicolae_square_shop,
          kennysheep_generic_room_2
Temple:   nicolae_temple_bog_church
Lair:1:   layout_cellular_growth, beast_lair_carwin_1, grunt_megastairs_2,
          serial_bayou_shore_b, uniq_maggie
Lair:2:   layout_layer_cave, wad_woods_road_02, uniq_fannar
Lair:3:   layout_gridlike, mainiacjoe_swamp_entry_angry_trees,
          minmay_snake_entry_guardpost_small
Lair:4:   layout_regular_city, dpeg_slime_entry_corner, gammafunk_ghost_grave,
          nicolae_lair_run_with_the_wolves, serial_bayou_shore_b
Snake:1:  layout_onion_interference, serial_bayou_ford_a, lemuel_oklob_altar,
          uniq_frances, uniq_mlioglotl, uniq_aizul

Skill      XL: |  1  2  3  4  5  6  7  8  9 10 11 12 13 14 |
---------------+-------------------------------------------+-----
Ranged Weapons | 4 5 6 7 8 9 12 14 15 18 | 18.0
Dodging        | 4 5 8 |  8.2
Fighting       | 5 10 | 10.0
Invocations    | 5 6 |  6.8
Stealth        | |  0.7

Action                     |  1- 3 |  4- 6 |  7- 9 | 10-12 | 13-15 || total
---------------------------+-------+-------+-------+-------+-------++-------
  Melee: Unarmed           |       |       |       |     2 |       ||     2
   Fire: Sling             |   112 |   260 |   652 |  1453 |   236 ||  2713
         Hand cannon       |       |       |       |    95 |   236 ||   331
 Invoke: Heroism           |       |       |     2 |       |       ||     2
         Receive Weapon    |       |       |       |     1 |       ||     1
         Receive Armour    |       |       |       |     1 |       ||     1
Ability: Invent Gizmo      |       |       |       |       |     1 ||     1
    Use: Potion            |       |       |     1 |     1 |       ||     2
         Scroll            |       |       |     9 |    12 |     4 ||    25
 Armour: Leather armour    |     5 |    44 |   102 |       |       ||   151
         Steam dragon scal |       |       |     5 |   158 |   108 ||   271
         Skin              |       |       |       |     3 |       ||     3
  Dodge: Dodged            |     5 |    21 |    93 |   178 |   115 ||   412
         Repelled          |       |       |       |       |     1 ||     1

Table legend: (Time is in decaauts)
 A = Elapsed time spent in this place.
 B = Non-inter-level travel time spent in this place.
 C = Inter-level travel time spent in this place.
 D = Time resting spent in this place.
 E = Time spent auto-exploring this place.
 F = Levels seen in this place.
 G = Mean time per level.
                   A        B        C        D        E       F      G
               +--------+--------+--------+--------+--------+-----+--------+
         Total |  15441 |  14873 |    568 |   1193 |  11387 |  18 |  857.8 |
       Dungeon |   9909 |   9474 |    435 |    733 |   7289 |  11 |  900.8 |
        Temple |     27 |     15 |     12 |      0 |      0 |   1 |   27.0 |
          Lair |   5111 |   4990 |    121 |    459 |   3798 |   4 | 1277.8 |
     Snake Pit |      1 |      1 |      0 |      0 |      0 |   1 |    1.0 |
         Sewer |    391 |    391 |      0 |      0 |    299 |   1 |  391.0 |
               +--------+--------+--------+--------+--------+-----+--------+

Top non-repeatable levels by time:
  Lair:2: 2119 daAuts
     D:7: 1790 daAuts
    D:10: 1478 daAuts
  Lair:4: 1138 daAuts
  Lair:3: 1069 daAuts
     D:5: 1047 daAuts
     D:6: 959 daAuts
     D:9: 957 daAuts
     D:8: 904 daAuts
     D:3: 873 daAuts
  Lair:1: 783 daAuts
     D:2: 681 daAuts
     D:4: 620 daAuts
     D:1: 524 daAuts
   Sewer: 391 daAuts
